 Dungeon Sprint DCSS version 0.31-a0-960-g0fca184906 (webtiles) character file.

Game seed: 9170757497559253095

9502 sircluck the Brawler (level 11, -4/127 HPs)
             Began as a Troll Berserker on Oct 23, 2023.
             Was the Champion of Trog.
             Slain by a sixfirhy (6 damage)
             ... summoned by an orc high priest
             ... while petrified by a basilisk
             ... in the Dungeon (Sprint VII: "The Pits").
             The game lasted 00:05:08 (859 turns).

sircluck the Brawler (Troll Berserker)               Turns: 859, Time: 00:05:09

Health: -4/127     AC:  8    Str: 31    XL:     11   Next: 23%
Magic:  10/10      EV:  1    Int:  3    God:    Trog [******]
Gold:   0          SH:  0    Dex:  9    Spells: 10/10 levels left

rFire   . .          .
                       - Unarmed
rCold   . . .        (no shield)
rNeg    + + +        p - +0 steam dragon scales
rPois   ∞            (helmet restricted)
rElec   .            (no cloak)
rCorr   .            (gloves unavailable)
SInv    .            (boots unavailable)
Will    .....        (no amulet)
Stlth   +            (no ring)
HPRegen 1.21/turn    (no ring)
MPRegen 0.12/turn

%: no teleportation
@: petrified
A: large, unfitting armour, claws 3, regeneration 1, shaggy fur 1, tough skin 1,
talons 1
a: Renounce Religion, Berserk, Trog's Hand, Brothers in Arms


You were in the Dungeon.
You worshipped Trog.
Trog was exalted by your worship.
You visited 1 branch

Inventory:

Missiles
 o - 8 large rocks (quivered)
Armour
 a - a +0 animal skin
 p - +0 steam dragon scales (worn)
Jewellery
 k - a +3 ring of intelligence
 l - a +3 ring of intelligence
Scrolls
 i - 2 scrolls of vulnerability
 j - a scroll of butterflies
Potions
 b - 6 potions of curing
 c - 5 potions of heal wounds
 d - a potion of haste
 e - 4 potions of magic
 f - 3 potions of berserk rage
 h - 2 potions of invisibility
 m - a potion of mutation
 n - 2 potions of might


   Skills:
 + Level 13.2 Fighting
 + Level 8.3 Armour
 + Level 13.1 Dodging
 + Level 15.4 Unarmed Combat


You had 10 spell levels left.
You didn't know any spells.
Your spell library was empty.

Dungeon Overview and Level Annotations

Branches:
Dungeon (1/1)

Altars:
Ashenzari
Cheibriados
Dithmenos
Elyvilon
Fedhas
Gozag
Hepliaklqana
Kikubaaqudgha
Makhleb
Nemelex Xobeh
Okawaru
Qazlal
Ru
Sif Muna
Trog
Uskayaw
Vehumet
Wu Jian
Xom
Yredelemnul
Zin
The Shining One
Jiyva
Lugonu


Innate Abilities, Weirdness & Mutations

You are too large for most types of armour.
You have claws for hands.
Your natural rate of healing is unusually fast.
You are covered in fur. (AC +1)
You have tough skin. (AC +1)
You have sharp toenails.


Message History

Unknown command.
The orc high priest mumbles some strange prayers to Beogh.
The basilisk gazes at you.
You are slowing down.
Something hits you but does no damage.
Things that are here:
a +0 shortbow; a centaur skeleton Unknown command.
Your iron troll disappears in a puff of smoke!
Something hits you.
* * * LOW HITPOINT WARNING * * *
The sixfirhy hits you. The sixfirhy shocks you!
* * * LOW HITPOINT WARNING * * *
The basilisk bites you!
* * * LOW HITPOINT WARNING * * *
The sixfirhy hits you!
* * * LOW HITPOINT WARNING * * *
The sixfirhy shocks you!
* * * LOW HITPOINT WARNING * * *
The basilisk bites you!
* * * LOW HITPOINT WARNING * * *
Your limbs are stiffening.
Blink to where?
Press: ? - help, Q - select action, (/) - cycle Dir - move target
As you read the scroll of blinking, it crumbles to dust.
You have turned to stone.
The orc high priest utters an invocation to Beogh.
The sixfirhy hits you.
* * * LOW HITPOINT WARNING * * *
The sixfirhy shocks you!
* * * LOW HITPOINT WARNING * * *
The sixfirhy disappears in a puff of smoke!
The sixfirhy completely misses you.
The sixfirhy hits you but does no damage. x2
The sixfirhy hits you!
* * * LOW HITPOINT WARNING * * *
The sixfirhy shocks you!
* * * LOW HITPOINT WARNING * * *
The sixfirhy hits you!
You die...

#####†)###### ...##')#########
####### ...##.†).......# ....x..
...##..........+ .......#
...##.)#####...#####+##.......
...##..+...#..........))).)...
...##..#...#....x...##)##)... .
...##..#...#.#####..#..)#..###'#
#####..#####))..@#..#...#..#....
#####...)....#..)3.l##'##.3'....
.[[##........#...#...).3.o.####'
.[[###)###...#...#..†...........
.))##....'...#'###..)####'##....
.))##....#.......)...# ..# ...
.))##....#...........+ ..# .
###################### ###


You could see a sun demon (summoned), a sixfirhy (summoned) and a basilisk.

Vanquished Creatures
  A two-headed ogre (D)
  A deep elf zephyrmancer (D)
  An orc sorcerer (D)
  A cyclops (D)
  A polar bear (D)
  A tarantella (D)
  A ynoxinul (D)
  A steam dragon (D)
  Menkaure (D)
  2 orc warriors (D)
  A small abomination (D)
  2 wolves (D)
  An ogre (D)
  2 centaurs (D)
  2 phantoms (D)
  A necrophage (D)
  A gnoll sergeant (D)
  2 hounds (D)
  An iron imp (D)
  2 orc priests (D)
  Ijyb (D)
  An iguana (D)
  An orc wizard (D)
  2 mummies (D)
  6 gnolls (D)
  An adder (D)
  A river rat (D)
  2 ufetubi (D)
  An adder skeleton (D)
  3 orcs (D)
  2 ball pythons (D)
  A bat skeleton (D)
  A bat zombie (D)
  A goblin (D)
  A hobgoblin (D)
  A ball python zombie (D)
52 creatures vanquished.

Vanquished Creatures (collateral kills)
  A fire dragon (D)
  A centaur warrior (D)
  A flayed ghost (D)
  An orc knight (D)
  A phantasmal warrior (D)
  A deep elf pyromancer (D)
  A cyclops (D)
  An orange demon (D)
  An efreet (D)
  A rime drake (D)
  A kobold demonologist (D)
  A guardian mummy (D)
  A hornet (D)
  A neqoxec (D)
  4 orc warriors (D)
  4 wights (D)
  An orc priest (D)
  An orc wizard (D)
  An ufetubus (D)
  4 orcs (D)
29 creatures vanquished.

Vanquished Creatures (others)
  An orc wizard (D)
1 creature vanquished.

Grand Total: 82 creatures vanquished

Notes
Turn   | Place    | Note
-------+----------+-------------------------------------------
     0 | D        | sircluck the Troll Berserker began the quest for the Orb.
     0 | D        | Reached XP level 1. HP: 22/22 MP: 0/0
    11 | D        | Reached XP level 2. HP: 25/31 MP: 1/1
    15 | D        | Found a bloodstained altar of Trog.
    15 | D        | Found a shimmering blue altar of Sif Muna.
    15 | D        | Found a viscous altar of Jiyva.
    15 | D        | Found a hazy altar of Hepliaklqana.
    15 | D        | Found an opulent altar of Gozag.
    16 | D        | Found a glowing golden altar of the Shining One.
    16 | D        | Found a glowing silver altar of Zin.
    16 | D        | Found a basalt altar of Yredelemnul.
    16 | D        | Found a shimmering altar of Xom.
    16 | D        | Found an ornate altar of the Wu Jian Council.
    16 | D        | Found a sacrificial altar of Ru.
    16 | D        | Found a stormy altar of Qazlal.
    16 | D        | Found an iron altar of Okawaru.
    16 | D        | Found a sparkling altar of Nemelex Xobeh.
    16 | D        | Found a burning altar of Makhleb.
    16 | D        | Found a blossoming altar of Fedhas.
    16 | D        | Found a white marble altar of Elyvilon.
    16 | D        | Found a shadowy altar of Dithmenos.
    16 | D        | Found a snail-covered altar of Cheibriados.
    18 | D        | Found a corrupted altar of Lugonu.
    18 | D        | Found a radiant altar of Vehumet.
    19 | D        | Found an ancient bone altar of Kikubaaqudgha.
    19 | D        | Found a hide-covered altar of Uskayaw.
    19 | D        | Found a broken altar of Ashenzari.
    56 | D        | Reached skill level 4 in Unarmed Combat
    58 | D        | Reached ** piety under Trog
    80 | D        | Noticed an ogre
    91 | D        | Killed an ogre
    91 | D        | Reached *** piety under Trog
    92 | D        | Reached skill level 5 in Fighting
    92 | D        | Reached skill level 5 in Unarmed Combat
    92 | D        | Reached XP level 3. HP: 42/42 MP: 2/2
    92 | D        | Reached XP level 4. HP: 50/50 MP: 3/3
    97 | D        | Reached skill level 5 in Dodging
    97 | D        | Reached skill level 6 in Unarmed Combat
   161 | D        | Noticed a centaur
   166 | D        | Reached **** piety under Trog
   170 | D        | Reached XP level 5. HP: 52/57 MP: 4/4
   175 | D        | Reached skill level 7 in Unarmed Combat
   178 | D        | Killed a centaur
   180 | D        | Reached ***** piety under Trog
   181 | D        | Reached XP level 6. HP: 45/68 MP: 5/5
   194 | D        | Reached skill level 8 in Unarmed Combat
   262 | D        | Reached skill level 9 in Unarmed Combat
   263 | D        | Noticed Menkaure
   266 | D        | Killed Menkaure
   266 | D        | Received a gift from Trog
   267 | D        | Reached XP level 7. HP: 42/80 MP: 6/6
   317 | D        | Noticed a ynoxinul
   322 | D        | Reached ****** piety under Trog
   330 | D        | Reached skill level 10 in Unarmed Combat
   344 | D        | Killed a ynoxinul
   344 | D        | Received a gift from Trog
   382 | D        | Gained mutation: You have sharp toenails. [potion of
                  | mutation]
   440 | D        | Noticed a deep elf zephyrmancer
   444 | D        | Reached XP level 8. HP: 87/92 MP: 7/7
   450 | D        | Killed a deep elf zephyrmancer
   451 | D        | Reached skill level 11 in Unarmed Combat
   453 | D        | Noticed a cyclops
   471 | D        | Received a gift from Trog
   482 | D        | Killed a cyclops
   483 | D        | Reached skill level 10 in Fighting
   483 | D        | Reached skill level 10 in Dodging
   483 | D        | Reached skill level 12 in Unarmed Combat
   524 | D        | Reached XP level 9. HP: 63/102 MP: 8/8
   550 | D        | Noticed a flayed ghost
   559 | D        | Noticed an orc knight
   559 | D        | HP: 5/102 [orc warrior/+0 halberd[an orc knight] (9)]
   559 | D        | HP: 1/102 [flayed ghost (4)]
   560 | D        | Killed a flayed ghost
   563 | D        | Killed an orc knight
   566 | D        | Reached skill level 13 in Unarmed Combat
   568 | D        | Received a gift from Trog
   587 | D        | Noticed a cyclops
   593 | D        | Killed a cyclops
   598 | D        | Noticed a deep elf pyromancer
   598 | D        | Noticed a centaur warrior
   602 | D        | HP: 2/105 [centaur warrior/arrow (19)]
   602 | D        | Killed a deep elf pyromancer
   603 | D        | Reached skill level 5 in Armour
   603 | D        | Reached XP level 10. HP: 2/114 MP: 9/9
   603 | D        | Received a gift from Trog
   605 | D        | Killed a centaur warrior
   630 | D        | Noticed Ijyb
   637 | D        | Paralysed by Ijyb for 3 turns
   640 | D        | Killed Ijyb
   655 | D        | Reached skill level 14 in Unarmed Combat
   713 | D        | Noticed an orc sorcerer
   728 | D        | Killed an orc sorcerer
   728 | D        | Received a gift from Trog
   747 | D        | Paralysed by a hornet for 1 turns
   754 | D        | HP: 5/115 [efreet/+4 scimitar of flaming (15)]
   754 | D        | HP: 2/115 [efreet/+4 scimitar of flaming (3)]
   755 | D        | Noticed a sun demon
   755 | D        | Received a gift from Trog
   759 | D        | HP: 1/117 [hornet (7)]
   784 | D        | Noticed a two-headed ogre
   799 | D        | Noticed a fire dragon
   817 | D        | Noticed an orange demon
   817 | D        | Noticed a phantasmal warrior
   819 | D        | Killed a two-headed ogre
   820 | D        | Killed an orange demon
   821 | D        | Reached XP level 11. HP: 66/126 MP: 10/10
   822 | D        | Reached skill level 15 in Unarmed Combat
   823 | D        | Killed a phantasmal warrior
   827 | D        | Identified the +8 demon blade "Laoqeheo" {flame, Str+5
                  | Stlth+} (Trog gifted it to you in the Dungeon)
   827 | D        | Received a gift from Trog
   832 | D        | Killed a fire dragon
   847 | D        | Noticed an orc high priest
   850 | D        | Noticed a sixfirhy
   854 | D        | Noticed a sixfirhy
   858 | D        | Noticed a sun demon
   859 | D        | HP: 2/127 [sixfirhy[an orc high priest] (5)]
   859 | D        | Slain by a sixfirhy

Illustrated notes

Levels and vault maps discovered:
D:        pitsprint [storerooms_1, entrance_room_1, metal_vault_8, armoury_1,
          mini_pit_1, grid_room_1, main_hall_1, silver_pit, the_coven_3,
          the_vestibule_1, steel_vault_2, golden_pit, hallway_of_sentries,
          crystal_vault_3, iron_vault_2, final_vault]

Skill      XL: |  1  2  3  4  5  6  7  8  9 10 11 |
---------------+----------------------------------+-----
Fighting       | 3 5 6 8 9 10 11 12 13 | 13.2
Dodging        | 3 4 5 6 8 10 11 12 13 | 13.1
Unarmed Combat | 5 6 7 9 10 12 13 14 15 | 15.4
Armour         | 5 7 8 |  8.3

Action                     |  1- 3 |  4- 6 |  7- 9 | 10-12 || total
---------------------------+-------+-------+-------+-------++-------
  Melee: Unarmed           |    23 |    51 |    60 |    45 ||   179
         Punch             |       |     2 |     1 |     2 ||     5
         Kick              |       |       |     7 |    13 ||    20
 Invoke: Brothers in Arms  |       |       |     3 |     2 ||     5
    Use: Potion            |       |       |     1 |     6 ||     7
         Scroll            |       |       |       |     1 ||     1
   Stab: Sleeping          |       |     1 |       |       ||     1
 Armour: Animal skin       |    15 |    33 |    36 |       ||    84
         Steam dragon scal |       |       |    17 |    69 ||    86
  Dodge: Dodged            |    21 |    31 |    32 |    39 ||   123

Table legend: (Time is in decaauts)
 A = Elapsed time spent in this place.
 B = Non-inter-level travel time spent in this place.
 C = Inter-level travel time spent in this place.
 D = Time resting spent in this place.
 E = Time spent auto-exploring this place.
 F = Levels seen in this place.
 G = Mean time per level.
                   A        B        C        D        E       F      G
               +--------+--------+--------+--------+--------+-----+--------+
         Total |    838 |    790 |     48 |    150 |    197 |   1 |  838.0 |
       Dungeon |    838 |    790 |     48 |    150 |    197 |   1 |  838.0 |
               +--------+--------+--------+--------+--------+-----+--------+

Top non-repeatable levels by time:
       D: 838 daAuts
